 Dungeon Crawl Stone Soup version 0.30-a0-39-g42789b21ef (webtiles) character file.

Game seed: 3281402721232071596

225 Murumi the Shield-Bearer (level 6, -1/48 HPs)
             Began as a Formicid Fighter on Aug 29, 2022.
             Killed by nerve-wracking pain
             ... invoked by Grinder
              (13 damage)
             ... in a sewer.
             The game lasted 00:09:52 (3140 turns).

Murumi the Shield-Bearer (Formicid Fighter)         Turns: 3140, Time: 00:09:53

Health: -1/48      AC:  7    Str: 26      XL:     6   Next: 21%
Magic:  6/6        EV:  9    Int: 10      God:
Gold:   132        SH:  4    Dex:  4 (13) Spells: 5/5 levels left

rFire   . . .      SeeInvis +    i - +0 whip (drain)
rCold   . . .      Faith    .    c - +0 buckler
rNeg    . . .      Spirit   .    b - +0 scale mail
rPois   .          Reflect  .    (helmet unavailable)
rElec   .          Harm     .    (no cloak)
rCorr   .          Rampage  .    (no gloves)
Will    .....                    (no boots)
Stlth   ..........               (no amulet)
HPRegen 0.16/turn                l - +6 ring of strength
MPRegen 0.10/turn                (no ring)

@: mighty
A: permanent stasis, dig shafts and tunnels, antennae 3, four strong arms
a: Dig


You were in a sewer.
You visited 1 branch of the dungeon, and saw 3 of its levels.
You also visited: Sewer.

You collected 132 gold pieces.

Inventory:

Hand Weapons
 a - a +0 flail
 i - a +0 whip of draining (weapon)
Missiles
 f - 39 stones
 j - a throwing net
 m - 3 boomerangs
 n - 7 poisoned darts
Armour
 b - a +0 scale mail (worn)
 c - a +0 buckler (worn)
Jewellery
 l - a +6 ring of strength (left hand)
Potions
 d - a potion of might
 e - a potion of brilliance {unknown}
 g - 2 potions of curing
 h - a potion of flight {unknown}
 k - a potion of resistance {unknown}


   Skills:
 - Level 4.0 Fighting
 - Level 3.0 Maces & Flails
 - Level 1.0 Throwing
 - Level 4.0 Armour
 - Level 1.0 Dodging
 + Level 2.2 Stealth
 - Level 6.0 Shields


You had 5 spell levels left.
You didn't know any spells.
Your spell library was empty.

Dungeon Overview and Level Annotations

Branches:
Dungeon (3/15)              Sewer (1/1)

Altars:

Annotations:
Sewer Grinder


Innate Abilities, Weirdness & Mutations

You cannot be hasted, slowed, berserked, paralysed or teleported.
You can dig through walls and to a lower floor.
You have a pair of large antennae on your head. (SInv)
Your four strong arms can wield two-handed weapons with a shield.


Message History

You kill the ufetubus!
Training target 6.0 for Shields reached!
Your Shields skill increases to level 6!
You need to enable at least one skill for training.
You hit the kobold. You drain the kobold.
You kill the kobold!
You closely miss the kobold brigand.
The kobold brigand hits you with a +0 dagger.
* * * LOW HITPOINT WARNING * * *
You closely miss the kobold brigand.
The kobold brigand hits you but does no damage.
You closely miss the kobold brigand. You barely miss the kobold.
The kobold brigand hits you with a +0 dagger.
* * * LOW HITPOINT WARNING * * *
You hit the kobold.
You kill the kobold!
The kobold brigand closely misses you.
You closely miss the kobold brigand.
The kobold brigand hits you but does no damage.
The kobold brigand attacks as you move away!
The kobold brigand hits you with a +0 dagger.
* * * LOW HITPOINT WARNING * * *
The kobold brigand throws a poisoned dart.
The poisoned dart hits you!
You are lethally poisoned!
You feel better.
You barely miss Grinder.
Grinder blinks!
You whack the kobold brigand! You drain the kobold brigand.
The kobold brigand is severely wounded.
The kobold brigand closely misses you.
You closely miss the kobold brigand.
The kobold brigand is severely wounded.
The kobold brigand hits you with a +0 dagger.
* * * LOW HITPOINT WARNING * * *
You whack the kobold brigand!
You kill the kobold brigand!
Grinder gestures at you. Pain shoots through your body!
You die...

#≈.K.≈#
#####################≈...≈#
≈≈≈≈≈≈≈≈≈≈≈≈≈≈.).~≈##~...≈#
≈≈≈≈≈≈≈≈≈≈≈≈≈~.#.~≈##≈...≈#
≈≈≈≈≈≈≈≈≈≈≈≈≈≈.#5~≈##≈...≈#
≈≈≈≈≈≈≈≈≈≈≈≈≈≈.#.≈≈# ≈...≈#
≈≈≈≈≈≈≈≈≈≈~≈~..#.~≈###'''##
~~~≈≈≈≈≈≈≈≈~...#@.≈##.....##
##~##≈##≈###.####)###..§...#~
.............≈≈#..)#.....§.'.
..).........≈≈≈≈...).§._...'.
.............≈≈#...#.....§.'.
###≈#~≈###≈#.####.###..§...#≈
~≈≈≈~≈≈~≈≈~...#.~~##.....##
≈≈≈≈≈≈≈≈≈≈~≈~..#.≈≈###'''##
≈≈≈≈≈≈≈≈≈≈≈≈~..#.~≈ ...≈#


You could see Grinder.

Vanquished Creatures
  A kobold brigand (Sewer)
  2 quasits (Sewer)
  Natasha (D:2)
  3 shadow imps (Sewer)
  3 ufetubi (Sewer)
  An adder zombie (Sewer)
  A worm (D:3)
  3 dart slugs
  3 orcs (D:2)
  10 endoplasms
  3 giant cockroaches
  3 goblins
  4 hobgoblins
  3 quokkas
  9 ball pythons
  8 bats
  4 frilled lizards
  15 kobolds
  2 kobold zombies (Sewer)
  4 rats (D:1)
83 creatures vanquished.

Vanquished Creatures (others)
  An endoplasm (Sewer)
1 creature vanquished.

Grand Total: 84 creatures vanquished

Notes
Turn   | Place    | Note
-------+----------+-------------------------------------------
     0 | D:1      | Murumi the Formicid Fighter began the quest for the Orb.
     0 | D:1      | Reached XP level 1. HP: 18/18 MP: 1/1
   170 | D:1      | Reached XP level 2. HP: 22/25 MP: 2/2
   259 | D:1      | Reached skill level 1 in Stealth
   424 | D:1      | Reached skill level 1 in Throwing
   425 | D:1      | Reached XP level 3. HP: 30/30 MP: 3/3
   586 | D:1      | Reached skill level 1 in Dodging
  1316 | D:2      | Found a faded altar of an unknown god.
  1323 | D:2      | Noticed Natasha
  1328 | D:2      | Killed Natasha
  1329 | D:2      | Reached XP level 4. HP: 37/37 MP: 4/4
  2480 | D:3      | Found a glowing drain.
  2499 | Sewer    | Entered a sewer
  2568 | Sewer    | Reached XP level 5. HP: 41/42 MP: 5/5
  2617 | Sewer    | Reached skill level 5 in Shields
  2884 | Sewer    | Found a burning altar of Makhleb.
  3053 | Sewer    | Noticed a kobold brigand
  3099 | Sewer    | Noticed Grinder
  3117 | Sewer    | Reached XP level 6. HP: 15/48 MP: 6/6
  3127 | Sewer    | Reached skill level 6 in Shields
  3140 | Sewer    | Killed from afar by Grinder

Illustrated notes

Levels and vault maps discovered:
D:1:      wander_arrival_peaceful_grave, layout_loops_cross, minmay_domino_4
D:2:      layout_basic, serial_co_window_serial, co_window_paths_a,
          co_window_of_opportunity_a, co_window_of_opportunity_a,
          co_window_paths_b, co_window_paths_b, co_window_broadway_c,
          co_window_corner_b, co_window_of_opportunity_b, co_window_corner_b,
          co_window_of_opportunity_c, co_window_of_opportunity_c,
          co_window_of_opportunity_c, co_window_4corner_b, glass_columns_a,
          glass_columns_a, glass_columns_b, glass_columns_b,
          basic_ecumenical_altar, guppyfry_early_orc_mine, uniq_natasha
D:3:      layout_loops_cross, gammafunk_ghost_stat_death,
          cheibrodos_sewer_entry_bend
Sewer:    kennysheep_sewer_church

Skill      XL: |  1  2  3  4  5  6 |
---------------+-------------------+-----
Fighting       | 4 |  4.0
Stealth        | 1 2 |  2.2
Throwing       | 1 |  1.0
Dodging        | 1 |  1.0
Maces & Flails | 3 |  3.0
Shields        | 5 6 |  6.0
Armour         | 4 |  4.0

Action                   |  1- 3 |  4- 6 || total
-------------------------+-------+-------++-------
Melee: Flail             |    58 |       ||    58
       Whip              |    32 |   216 ||   248
  Use: Scroll            |     3 |     1 ||     4
       Potion            |       |     3 ||     3
Armor: Scale mail        |    39 |   153 ||   192
Dodge: Dodged            |    40 |   153 ||   193
Block: Buckler           |    26 |    65 ||    91

Table legend: (Time is in decaauts)
 A = Elapsed time spent in this place.
 B = Non-inter-level travel time spent in this place.
 C = Inter-level travel time spent in this place.
 D = Time resting spent in this place.
 E = Time spent auto-exploring this place.
 F = Levels seen in this place.
 G = Mean time per level.
                   A        B        C        D        E       F      G
               +--------+--------+--------+--------+--------+-----+--------+
         Total |   3162 |   2991 |    171 |    185 |   2157 |   4 |  790.5 |
       Dungeon |   2522 |   2351 |    171 |    169 |   1765 |   3 |  840.7 |
         Sewer |    640 |    640 |      0 |     16 |    392 |   1 |  640.0 |
               +--------+--------+--------+--------+--------+-----+--------+

Top non-repeatable levels by time:
     D:2: 1480 daAuts
     D:1: 972 daAuts
   Sewer: 640 daAuts
     D:3: 69 daAuts
